AoeStats
← Based Assad

Arabia

508763186Analyzed
1v1 RM · 8d ago on Sep 23, 2026· 51m 35s· 2 players
Game mode
Random Map
Map size
Tiny (2 player)
Population
200
Speed
Normal
Resources
Standard
Victory
Conquest
Starting age
Dark Age
Ending age
Imperial Age
RankedLock teamsTeams togetherTeam positionsShared explorationLock speedFull tech treeHidden civsTurbo modeCheats
Victory
Defeat
🇨🇷 Byzantines · Costa Rica
1100
+14
🇬🇧 Byzantines · United Kingdom
1063
-14
TaimurMojo9865
6:45 Loom
9:17 Feudal Age
10:20 Double-Bit Axe
13:47 Fletching
20:41 Castle Age
19:57 Scale Barding Armor
19:46 Horse Collar
20:05 Gold Mining
21:28 Bodkin Arrow
20:59 Crossbowman
21:47 Padded Archer Armor
24:53 Wheelbarrow
24:13 Elite Skirmisher
28:23 Hand Cart
30:34 Thumb Ring
34:34 Imperial Age
32:42 Husbandry
32:03 Light Cavalry
33:47 Leather Archer Armor
33:52 Chain Barding Armor
34:30 Gold Shaft Mining
34:10 Bow Saw
34:03 Heavy Plow
34:34 Forging
35:13 Arbalester
39:33 Hussar
41:08 Ballistics
41:48 Chemistry
42:50 Plate Barding Armor
42:16 Bracer
47:39 Scale Mail Armor
48:15 Iron Casting
48:03 Squires
48:16 Elite Varangian Guard
50:45 Chain Mail Armor
Based Assad
6:41 Loom
9:36 Feudal Age
16:46 Fletching
21:54 Castle Age
19:59 Double-Bit Axe
21:04 Padded Archer Armor
21:36 Horse Collar
22:06 Crossbowman
22:59 Bodkin Arrow
24:42 Wheelbarrow
24:24 Bow Saw
26:21 Husbandry
28:00 Leather Archer Armor
28:52 Elite Skirmisher
30:02 Gold Mining
31:04 Ballistics
34:19 Imperial Age
32:21 Stone Mining
32:14 Treadmill Crane
34:29 Thumb Ring
36:11 Chemistry
35:01 Arbalester
35:52 Bracer
37:28 Ring Archer Armor
41:10 Hand Cart
41:21 Scale Mail Armor
41:32 Forging
41:27 Scale Barding Armor
40:51 Light Cavalry
41:50 Heavy Camel Rider
44:14 Chain Barding Armor
44:29 Iron Casting
45:30 Plate Barding Armor
Connection lost

Rejoining the realm…

Still unreachable

The connection could not be restored.

Session expired

The server has moved on; the page needs a fresh start.